 Dungeon Crawl Stone Soup version 0.22-a0-78-g0f8607c5c5 (webtiles) character file.

90366 pepi55 the Severer (level 15, 0/139 HPs)
             Began as a Minotaur Fighter on Jan 15, 2018.
             Was the Champion of Makhleb.
             Slain by a 15-headed hydra (4 damage)
             ... on level 2 of the Lair of Beasts.
             The game lasted 01:52:08 (21808 turns).

pepi55 the Severer (Minotaur Fighter)              Turns: 21808, Time: 01:52:09

Health: 0/139      AC: 28    Str: 29    XL:     15   Next: 52%
Magic:  0/21       EV:  9    Int:  8    God:    Makhleb [******]
Gold:   578        SH:  0    Dex: 10    Spells: 14/14 levels left

rFire    + + .     SeeInvis +   O - +4 battleaxe
rCold    + + .     Gourm    .   (shield currently unavailable)
rNeg     + . .     Faith    .   n - +1 crystal plate armour
rPois    +         Spirit   +   R - -2 hat of the Alchemist {rElec rPois rF+ rC+ rN+ MR+ rMut rCorr}
rElec    +         Reflect  .   I - +0 cloak
rCorr    +         Harm     .   K - +0 pair of gloves
rMut     +                      Q - +1 pair of boots {Stlth+}
MR       +++..                  p - amulet of guardian spirit
Stlth    ..........             P - +2 ring of strength
HPRegen  0.33/turn              l - ring "Haloc" {AC+3 Int+3 SInv}
MPRegen  0.17/turn

@: resistant, invisible
A: retaliatory headbutt, horns 2, magic resistance 1, mutation resistance 1
a: Minor Destruction, Lesser Servant of Makhleb, Major Destruction, Greater
Servant of Makhleb, Renounce Religion


You were on level 2 of the Lair of Beasts.
You worshipped Makhleb.
Makhleb was exalted by your worship.
You were not hungry.

You visited 6 branches of the dungeon, and saw 22 of its levels.

You collected 1950 gold pieces.
You spent 1372 gold pieces at shops.

Inventory:

Hand Weapons
 a - a +1 war axe of chaos
 O - a +4 battleaxe (weapon)
Armour
 i - a +2 hat
 n - a +1 crystal plate armour (worn)
 y - the +0 shield "Fezaptut" {rCorr}
   (You found it on level 6 of the Dungeon)

   It protects you from acid and corrosion.
 I - a +0 cloak (worn)
 K - a +0 pair of gloves (worn)
 Q - a +1 pair of boots of stealth (worn)
 R - the -2 hat of the Alchemist (worn) {rElec rPois rF+ rC+ rN+ MR+ rMut rCorr}
   (You bought it in a shop on level 2 of the Orcish Mines)

   It protects you from fire.
   It protects you from cold.
   It insulates you from electricity.
   It protects you from poison.
   It protects you from negative energy.
   It affects your resistance to hostile enchantments.
   It protects you from acid and corrosion.
   It protects you from mutation.
Jewellery
 d - an uncursed ring of protection from cold
 l - the ring "Haloc" (right hand) {AC+3 Int+3 SInv}
   (You found it on level 1 of the Lair of Beasts)

   [ring of protection]

   It affects your AC (+3).
   It affects your intelligence (+3).
   It lets you see invisible.
 m - an uncursed amulet of regeneration
 p - an amulet of guardian spirit (around neck)
 r - an uncursed amulet of rage
 u - an uncursed amulet of the gourmand
 C - an uncursed ring of protection from magic
 P - a +2 ring of strength (left hand)
Wands
 k - a wand of digging (11)
 x - a wand of iceblast (4)
 D - a wand of acid (7)
 H - a wand of flame (105)
 J - a wand of polymorph (30)
Scrolls
 e - 4 scrolls of teleportation
 o - 3 scrolls of enchant weapon
 t - 2 scrolls of enchant armour
 w - a scroll of magic mapping
 B - 11 scrolls of identify
 F - 3 scrolls of remove curse
 L - 2 scrolls of amnesia
 M - 2 scrolls of fog
Potions
 b - 3 potions of flight
 h - 6 potions of brilliance
 j - 2 potions of cancellation
 q - 2 potions of lignification
 s - a potion of resistance
 z - 3 potions of curing
 G - 2 potions of mutation
Books
 g - a book of Changes

   Spells                             Type                      Level
   a - Beastly Appendage              Transmutation                1
   b - Sticks to Snakes               Transmutation                2
   c - Spider Form                    Transmutation/Poison         3
   d - Ice Form                       Ice/Transmutation            4
   e - Blade Hands                    Transmutation                5
 v - a book of Misfortune

   Spells                             Type                      Level
   a - Confusing Touch                Hexes                        1
   b - Confuse                        Hexes                        3
   c - Gell's Gravitas                Translocation                3
   d - Petrify                        Transmutation/Earth          4
   e - Metabolic Englaciation         Hexes/Ice                    5
   f - Yara's Violent Unravelling     Hexes/Transmutation          5
 E - a book of Callings

   Spells                             Type                      Level
   a - Summon Small Mammal            Summoning                    1
   b - Call Imp                       Summoning                    2
   c - Call Canine Familiar           Summoning                    3
   d - Summon Guardian Golem          Hexes/Summoning              3
   e - Summon Lightning Spire         Summoning/Air                4
   f - Summon Ice Beast               Ice/Summoning                4
Comestibles
 f - 29 rations


   Skills:
 - Level 14.4 Fighting
 * Level 17.5 Axes
 - Level 10.5 Armour
 - Level 10.6 Dodging
 - Level 13.6 Shields
 + Level 10.1 Invocations


You had 14 spell levels left.
You didn't know any spells.

Dungeon Overview and Level Annotations

Branches:
Dungeon (11/15)            Temple (1/1) D:4            Lair (6/6) D:11
  Swamp (1/4) Lair:2       Spider (1/4) Lair:3        Slime (0/5) Lair:6
    Orc (2/2) D:10            Elf (0/3) Orc:2

Altars:
Ashenzari
Cheibriados
Dithmenos
Elyvilon
Fedhas
Gozag
Hepliaklqana
Kikubaaqudgha
Makhleb
Nemelex Xobeh
Okawaru
Qazlal
Ru
Sif Muna
Trog
Uskayaw
Vehumet
Wu Jian
Xom
Yredelemnul
Zin
The Shining One
Beogh
Jiyva

Shops:
Orc:2 [*:(


Innate Abilities, Weirdness & Mutations

You reflexively headbutt those who attack you in melee.
You have a pair of horns on your head.
You are resistant to hostile enchantments. (MR+)
You are somewhat resistant to further mutation.


Message History

The 15-headed hydra closely misses you.
The 15-headed hydra bites you but does no damage.
The 15-headed hydra bites you!
* * * LOW HITPOINT WARNING * * *
You fade into invisibility!
The 15-headed hydra barely misses you.
The 15-headed hydra bites you but does no damage.
The 15-headed hydra bites you!
* * * LOW HITPOINT WARNING * * *
The 15-headed hydra bites you but does no damage. x2
The 15-headed hydra bites you.
* * * LOW HITPOINT WARNING * * *
The 15-headed hydra bites you.
* * * LOW HITPOINT WARNING * * *
The 15-headed hydra barely misses you.
The 15-headed hydra bites you but does no damage. x2
The 15-headed hydra closely misses you. The 15-headed hydra bites you.
* * * LOW HITPOINT WARNING * * *
The 15-headed hydra bites you.
You die...

##P..........### ##...#
#P............P###....#
#####...........PP###...# #
###.##.........)...P###..## #
#...####............P##..##
####.....###...§§§.....###...# #
.##P....#.###..§§§.....# ##..## ##
###.......# ##..§D§§...# #...# #. #
#.......# #..^.@§§§§.# ##...# #. #
##......#####...§§§..###...## ###
####.............#§§§.P.#.....###..
.##....(......###.##......#........
...#........### #####.....#........
...........## ##.......###.#.#
...........P# ###.......## #####
####.......## #..........##
######....## ##.......)...##


You could see a 15-headed hydra.

Vanquished Creatures
  2 ghost moths (D:10)
  A stone giant (Orc:2)
  A very ugly thing (Swamp:1)
  Snorg (Lair:5)
  3 ettins
  Josephine (Swamp:1)
  Erolcha (D:10)
  12 hydras
  An alligator (Swamp:1)
  The ghost of Lifeless the Impaler, a journeyman MfGl of Hepliaklqana (D:11)
  3 two-headed ogres
  11 death yaks
  An unseen horror (D:11)
  An orc knight (Orc:1)
  Pikel (D:5)
  8 cyclopes (Orc:2)
  2 elephants (Lair:6)
  Joseph (D:10)
  7 black mambas
  28 spiny frogs
  2 rime drakes (Lair:5)
  4 komodo dragons
  9 tyrant leeches
  2 trolls
  23 blink frogs
  A hornet (Lair:2)
  2 bog bodies (Swamp:1)
  Grinder (D:5)
  2 polar bears
  11 hippogriffs
  Sigmund (D:2)
  51 yaks
  2 spriggans
  4 wyverns
  2 redbacks (Lair:3)
  Eustachio (D:4)
  5 wraiths
  14 vampire mosquitoes
  2 wargs
  3 insubstantial wisps (Swamp:1)
  A soldier ant (D:11)
  14 water moccasins
  7 swamp worms (Swamp:1)
  2 porcupines
  9 orc warriors
  2 ice beasts
  4 phantoms
  A centaur (D:8)
  6 wolves
  11 ogres
  20 crocodiles
  22 bullfrogs
  2 big kobolds (D:8)
  2 gnoll sergeants
  A water moccasin skeleton (D:2)
  A scorpion (D:4)
  5 wights (D:8)
  8 killer bees
  A howler monkey (D:6)
  An electric eel (Lair:5)
  7 jellies
  A centaur zombie (D:6)
  7 orc priests
  2 bullfrog zombies
  5 hounds
  8 orc wizards
  Jessica (D:2)
  2 iguanas
  6 worker ants
  Terence (D:2)
  A hound zombie (D:6)
  A hound skeleton (D:11)
  A worker ant zombie (D:9)
  13 gnolls
  11 adders
  2 shadow imps
  2 oozes
  An adder skeleton (D:9)
  2 adder zombies
  2 worms (D:3)
  3 leopard geckos
  64 orcs
  2 ball pythons
  11 bats
  2 giant cockroaches
  12 goblins
  15 hobgoblins
  6 jackals
  5 quokkas
  3 frilled lizards
  14 kobolds
  A leopard gecko skeleton (D:4)
  A quokka zombie (D:5)
  11 rats
  7 fungi
  7 plants
589 creatures vanquished.

Vanquished Creatures (collateral kills)
  A yak (Lair:6)
1 creature vanquished.

Vanquished Creatures (others)
  A hydra (Lair:5)
  2 bushes (Lair:6)
  16 fungi
  46 plants
65 creatures vanquished.

Grand Total: 655 creatures vanquished

Notes
Turn   | Place    | Note
-------+----------+-------------------------------------------
     0 | D:1      | pepi55 the Minotaur Fighter began the quest for the Orb.
     0 | D:1      | Reached XP level 1. HP: 19/19 MP: 0/0
   294 | D:1      | Reached XP level 2. HP: 26/27 MP: 1/1
   639 | D:1      | Reached skill level 3 in Axes
   958 | D:1      | Reached XP level 3. HP: 33/33 MP: 2/2
  1153 | D:2      | Noticed Jessica
  1168 | D:2      | Killed Jessica
  1285 | D:2      | Reached XP level 4. HP: 41/41 MP: 0/3
  1298 | D:2      | Noticed Terence
  1322 | D:2      | Killed Terence
  1322 | D:2      | Reached skill level 4 in Axes
  1816 | D:2      | Noticed Sigmund
  1831 | D:2      | Killed Sigmund
  1831 | D:2      | Reached skill level 5 in Fighting
  1831 | D:2      | Reached skill level 5 in Axes
  1831 | D:2      | Reached XP level 5. HP: 48/48 MP: 4/4
  1831 | D:2      | Reached XP level 6. HP: 56/56 MP: 5/5
  1942 | D:2      | Reached skill level 5 in Shields
  2645 | D:3      | Gained mutation: You are resistant to hostile enchantments. (MR+) [potion of mutation]
  2645 | D:3      | Gained mutation: You are somewhat resistant to further mutation. [potion of mutation]
  2704 | D:3      | Reached skill level 6 in Axes
  2851 | D:3      | Found a glowing golden altar of the Shining One.
  3273 | D:3      | Reached XP level 7. HP: 62/62 MP: 6/6
  3563 | D:4      | Reached skill level 7 in Axes
  3806 | D:4      | Found a staircase to the Ecumenical Temple.
  3815 | Temple   | Entered the Ecumenical Temple
  3824 | Temple   | Became a worshipper of Makhleb the Destroyer
  4292 | D:4      | Noticed Eustachio
  4358 | D:4      | Killed Eustachio
  4709 | D:4      | Reached skill level 8 in Axes
  5018 | D:5      | Entered Level 5 of the Dungeon
  5026 | D:5      | Reached XP level 8. HP: 63/71 MP: 5/7
  5193 | D:5      | Reached * piety under Makhleb
  5214 | D:5      | Noticed Pikel
  5226 | D:5      | Killed Pikel
  5226 | D:5      | Reached skill level 9 in Axes
  5276 | D:5      | Noticed Grinder
  5278 | D:5      | Paralysed by Grinder for 3 turns
  5302 | D:5      | Killed Grinder
  5302 | D:5      | Reached skill level 10 in Axes
  5632 | D:5      | Found a sacrificial altar of Ru.
  5781 | D:6      | Reached XP level 9. HP: 78/78 MP: 8/8
  5898 | D:6      | Found a basalt altar of Yredelemnul.
  6304 | D:6      | Got an ichor-stained shield
  6315 | D:6      | Identified the +0 shield "Fezaptut" {rCorr} (You found it on level 6 of the Dungeon)
  6788 | D:7      | Reached skill level 11 in Axes
  7306 | D:7      | Found a deep blue altar of Sif Muna.
  7470 | D:8      | Reached ** piety under Makhleb
  7514 | D:8      | Reached skill level 12 in Axes
  7891 | D:8      | Found an ancient bone altar of Kikubaaqudgha.
  7891 | D:8      | Found a bloodstained altar of Trog.
  7956 | D:8      | Got a heavily runed ring mail
  8216 | D:8      | Reached skill level 10 in Shields
  8272 | D:8      | Identified the +2 ring mail "Lesas" {Int+3} (You found it on level 8 of the Dungeon)
  8371 | D:9      | Noticed a two-headed ogre
  8415 | D:9      | Killed a two-headed ogre
  8415 | D:9      | Reached skill level 13 in Axes
  8415 | D:9      | Reached XP level 10. HP: 84/84 MP: 9/9
  8555 | D:9      | Reached *** piety under Makhleb
  8652 | D:9      | Reached skill level 14 in Axes
  9137 | D:10     | Entered Level 10 of the Dungeon
  9173 | D:10     | Found a staircase to the Orcish Mines.
  9180 | D:10     | Found a roughly hewn altar of Beogh.
  9219 | D:10     | Noticed Erolcha
  9239 | D:10     | Killed Erolcha
  9382 | D:10     | Noticed Joseph
  9392 | D:10     | Killed Joseph
  9429 | D:10     | Reached skill level 15 in Axes
  9587 | D:10     | Reached **** piety under Makhleb
  9597 | D:10     | Reached XP level 11. HP: 73/91 MP: 8/10
  9688 | D:10     | Noticed a two-headed ogre
  9693 | D:10     | Killed a two-headed ogre
  9961 | D:11     | Noticed Lifeless's ghost (journeyman MfGl)
  9981 | D:11     | Killed Lifeless's ghost
 10012 | D:11     | Reached skill level 16 in Axes
 10055 | D:11     | Noticed a two-headed ogre
 10062 | D:11     | Killed a two-headed ogre
 10089 | D:11     | Noticed a death yak
 10091 | D:11     | Found a staircase to the Lair.
 10105 | D:11     | Killed a death yak
 10144 | D:11     | Noticed a death yak
 10146 | D:11     | Noticed a death yak
 10147 | D:11     | Noticed a death yak
 10148 | D:11     | Noticed a death yak
 10350 | D:11     | Noticed a death yak
 10397 | D:10     | a death yak changed into something unseen
 10409 | D:10     | Killed a ghost moth
 10434 | D:10     | HP: 6/136 [something (8)]
 10437 | D:10     | Killed a ghost moth
 10437 | D:10     | Reached skill level 5 in Dodging
 10796 | D:10     | Killed a death yak
 10808 | D:10     | Killed a death yak
 10808 | D:10     | Reached XP level 12. HP: 56/97 MP: 4/11
 10984 | D:11     | Killed a death yak
 10986 | D:11     | Killed a death yak
 10986 | D:11     | Reached skill level 5 in Armour
 11219 | D:11     | Found a shadowy altar of Dithmenos.
 11566 | D:11     | Reached ***** piety under Makhleb
 11688 | Lair:1   | Entered Level 1 of the Lair of Beasts
 11719 | Lair:1   | Reached skill level 10 in Armour
 11719 | Lair:1   | Reached XP level 13. HP: 37/104 MP: 7/12
 12074 | Lair:1   | Got a scintillating copper ring
 12076 | Lair:1   | Identified the ring "Haloc" {AC+3 Int+3 SInv} (You found it on level 1 of the Lair of Beasts)
 12739 | Lair:2   | Reached skill level 1 in Invocations
 12781 | Lair:2   | Found a staircase to the Swamp.
 12970 | Lair:2   | Reached skill level 10 in Dodging
 14032 | Lair:3   | Found a hole to the Spider Nest.
 15346 | Lair:5   | Noticed Snorg
 15362 | Lair:5   | Killed Snorg
 15362 | Lair:5   | Reached skill level 5 in Invocations
 15369 | Lair:5   | Reached XP level 14. HP: 109/118 MP: 9/16
 15475 | Lair:5   | Reached skill level 10 in Fighting
 16627 | Lair:6   | Entered Level 6 of the Lair of Beasts
 16769 | Lair:6   | Reached ****** piety under Makhleb
 17378 | Lair:6   | Found a staircase to the Slime Pits.
 17378 | Lair:6   | Found a viscous altar of Jiyva.
 17995 | Lair:6   | Reached XP level 15. HP: 113/139 MP: 18/20
 18155 | Lair:6   | Found an iron altar of Okawaru.
 18601 | Orc:1    | Entered Level 1 of the Orcish Mines
 18896 | Orc:2    | Entered Level 2 of the Orcish Mines
 19152 | Orc:2    | Found Xewn's Book Emporium.
 19571 | Orc:2    | Found Poguse's Antique Armour Shoppe.
 19577 | Orc:2    | Found Daphab's General Store.
 19922 | Orc:2    | Bought a pair of gloves for 157 gold pieces
 19922 | Orc:2    | Bought a pair of glowing boots for 262 gold pieces
 19922 | Orc:2    | Bought an embroidered hat for 245 gold pieces
 19983 | Orc:2    | Bought the -2 hat of the Alchemist {rElec rPois rF+ rC+ rN+ MR+ rMut rCorr} for 708 gold pieces
 19983 | Orc:2    | Found the -2 hat of the Alchemist {rElec rPois rF+ rC+ rN+ MR+ rMut rCorr}
 20240 | Orc:2    | Found Huom's Antique Weapon Emporium.
 20333 | Orc:2    | Found a staircase to the Elven Halls.
 20599 | Swamp:1  | Entered Level 1 of the Swamp
 20660 | Spider:1 | Entered Level 1 of the Spider Nest
 21020 | Swamp:1  | Reached skill level 17 in Axes
 21361 | Swamp:1  | Noticed Josephine
 21372 | Swamp:1  | Killed Josephine
 21533 | Swamp:1  | Reached skill level 10 in Invocations
 21808 | Lair:2   | HP: 4/139 [15-headed hydra (3)]
 21808 | Lair:2   | Slain by a 15-headed hydra

Vault maps used:
D:1:      lightli_arrival_lavapool, minmay_door_square
D:2:      kennysheep_the_goblin_king, kennysheep_generic_room_5, uniq_sigmund,
          uniq_jessica, uniq_terence
D:3:      nicolae_overflow_crystal_walls, first_ration, minmay_misc_feat_alley
D:4:      wad_lake_hut, temple_green, lightli_minifort, uniq_eustachio
D:5:      kennysheep_big_flooded_room, basic_altar, fountainhead, uniq_grinder,
          uniq_pikel
D:6:      yredelemnul_altar_generic
D:7:      the_bakery, nrook_mini_backslash, led_sif_pool
D:8:      gammafunk_temple_overflow_elements
D:10:     minmay_orc_entry_temple_small, uniq_joseph, uniq_erolcha
D:11:     dpeg_lair_monsters, nicolae_dithmenos_the_darkroom
Temple:   hc_temple_tempest_star
Lair:2:   swamp_mist, beast_lair_carwin_4
Lair:3:   spider_nest_entry_a, minivault_23, minivault_19, st_stairs_4,
          serial_bayou_shore_b
Lair:5:   serial_bayou_shore_a, grunt_megastairs_3, uniq_snorg
Lair:6:   minmay_lair_end_frog_pond, slime_altar_1, basic_altar
Swamp:1:  evilmike_swamp_ruin_rubble_2, uniq_josephine
Spider:1: uniq_kirke
Orc:1:    serial_shops, shop
Orc:2:    grunt_orc_gardens, grunt_orc_garden, grunt_orc_garden,
          grunt_orc_garden, grunt_orc_garden

Skill      XL: |  1  2  3  4  5  6  7  8  9 10 11 12 13 14 15 |
---------------+----------------------------------------------+-----
Fighting       | 4 5 6 9 14 | 14.4
Axes           | 3 5 6 8 10 13 15 16 17 | 17.5
Shields        | 4 5 6 8 10 11 13 | 13.6
Dodging        | 6 9 10 | 10.6
Armour         | 10 | 10.5
Invocations    | 5 8 10 | 10.1

Action                   |  1- 3 |  4- 6 |  7- 9 | 10-12 | 13-15 || total
-------------------------+-------+-------+-------+-------+-------++-------
Melee: War axe           |    91 |   155 |   397 |   384 |   991 ||  2018
       Headbutt          |    14 |    23 |    69 |    88 |   291 ||   485
       Battleaxe         |       |       |       |       |   203 ||   203
  Use: Potion            |       |     6 |     2 |    11 |     7 ||    26
       Scroll            |       |     3 |    12 |     6 |     9 ||    30
 Stab: Confused          |       |       |       |     2 |     6 ||     8
       Paralysed         |       |       |       |     1 |    19 ||    20
       Petrifying        |       |       |       |       |     4 ||     4
       Petrified         |       |       |       |       |     7 ||     7
  Eat: Chunk             |     1 |     3 |     5 |    22 |    29 ||    60
       Ration            |       |     1 |     4 |     1 |     7 ||    13
Armor: Scale mail        |    49 |    48 |       |       |       ||    97
       Crystal plate arm |       |    29 |   229 |   177 |   955 ||  1390
       Skin              |       |       |       |    29 |       ||    29
Dodge: Dodged            |    34 |    26 |    26 |    29 |   418 ||   533
Block: Shield            |    46 |    84 |   163 |   168 |   655 ||  1116
       Large shield      |       |       |    75 |       |       ||    75

Table legend:
 A = Spawn XP
 B = Non-spawn XP
 C = Spawn XP percentage of total XP
 D = Spawn monster count
 E = Non-spawn monster count
 F = Spawn count percentage of total count
 G = Total turns spent on level
                    A         B        C        D         E        F      G
               +---------+---------+-------+---------+---------+-------+---------
         Total |       0 |  110198 |   0.0 |       0 |     578 |   0.0 | 21808
               +---------+---------+-------+---------+---------+-------+---------
           D:1 |       0 |      41 |   0.0 |       0 |      27 |   0.0 |  1028
           D:2 |       0 |     497 |   0.0 |       0 |      31 |   0.0 |  1540
           D:3 |       0 |     203 |   0.0 |       0 |      32 |   0.0 |   799
           D:4 |       0 |     669 |   0.0 |       0 |      27 |   0.0 |  1548
           D:5 |       0 |    1232 |   0.0 |       0 |      16 |   0.0 |   700
           D:6 |       0 |     168 |   0.0 |       0 |       6 |   0.0 |   650
           D:7 |       0 |     852 |   0.0 |       0 |      16 |   0.0 |   986
           D:8 |       0 |    1809 |   0.0 |       0 |      41 |   0.0 |   948
           D:9 |       0 |    3183 |   0.0 |       0 |      20 |   0.0 |   835
          D:10 |       0 |    9914 |   0.0 |       0 |      40 |   0.0 |  1435
          D:11 |       0 |    7594 |   0.0 |       0 |      23 |   0.0 |  1231
        Lair:1 |       0 |    2308 |   0.0 |       0 |       9 |   0.0 |  1017
        Lair:2 |       0 |    6535 |   0.0 |       0 |      32 |   0.0 |  1281
        Lair:3 |       0 |    4794 |   0.0 |       0 |      20 |   0.0 |   820
        Lair:4 |       0 |    3948 |   0.0 |       0 |      11 |   0.0 |  1289
        Lair:5 |       0 |   13940 |   0.0 |       0 |      40 |   0.0 |  1055
        Lair:6 |       0 |   27691 |   0.0 |       0 |      92 |   0.0 |  1785
       Swamp:1 |       0 |   12682 |   0.0 |       0 |      36 |   0.0 |   851
         Orc:1 |       0 |    4138 |   0.0 |       0 |      18 |   0.0 |   865
         Orc:2 |       0 |    8000 |   0.0 |       0 |      41 |   0.0 |  1040
               +---------+---------+-------+---------+---------+-------+---------
